 Dungeon Crawl Stone Soup version 0.30.1 (webtiles) character file.

Game seed: 2071396968489834633

72 safid the Chiller (level 4, 0/33 HPs)
             Began as a Merfolk Ice Elementalist on July 6, 2023.
             Slain by Grinder (5 damage)
             ... on level 3 of the Dungeon.
             The game lasted 00:02:28 (1789 turns).

safid the Chiller (Merfolk Ice Elementalist)        Turns: 1789, Time: 00:02:28

Health: 0/33       AC:  3    Str:  8    XL:     4   Next: 25%
Magic:  6/8        EV: 12    Int: 16    God:
Gold:   111        SH:  0    Dex: 14    Spells: 7/8 levels left

rFire   + . .        f - +1 short sword (holy)
rCold   . . .        (no shield)
rNeg    . . .        a - +0 robe
rPois   .            (no helmet)
rElec   .            (no cloak)
rCorr   .            (no gloves)
SInv    .            h - +0 pair of boots
Will    .....        (no amulet)
Stlth   ++           o - ring of protection from fire
HPRegen 0.25/turn    (no ring)
MPRegen 0.11/turn

%: no passive effects
@: no status effects
A: (nimble swimmer 2), mertail
a: no special abilities


You were on level 3 of the Dungeon.
You visited 1 branch of the dungeon, and saw 3 of its levels.

You collected 111 gold pieces.

Inventory:

Hand Weapons
 f - a +1 short sword of holy wrath (weapon)
Armour
 a - a +0 robe (worn)
 h - a +0 pair of boots (worn)
Jewellery
 o - a ring of protection from fire (left hand)
Scrolls
 c - a scroll of acquirement {unknown}
 e - a scroll of vulnerability {unknown}
 g - a scroll of brand weapon {unknown}
 j - a scroll of teleportation {unknown}
 k - a scroll of amnesia {unknown}
 l - a scroll of poison {unknown}
 n - a scroll of noise {unknown}
Potions
 b - a potion of magic
 d - 3 potions of invisibility {unknown}
 i - 2 potions of heal wounds {unknown}
 m - a potion of curing {unknown}


   Skills:
 + Level 2.1 Fighting
 - Level 2.6 Dodging
 - Level 2.1 Stealth
 + Level 2.8 Spellcasting
 + Level 5.1 Ice Magic


You had 7 spell levels left.
You knew the following spells:

 Your Spells              Type           Power      Damage    Failure   Level
a - Freeze                Ice            72%        1d8       2%          1

Your spell library contained the following spells:

 Spells                   Type           Power      Damage    Failure   Level
 Frozen Ramparts          Ice            36%        1d6       7%          3
 Ozocubu's Armour         Ice            18%        N/A       7%          3
 Summon Ice Beast         Ice/Summ       10%        N/A       54%         4


Dungeon Overview and Level Annotations

Branches:
Dungeon (3/15)

Altars:
Ru

Annotations:
D:3 Grinder


Innate Abilities, Weirdness & Mutations

((You are very nimble when in or above water. (Stealth+, EV+, Speed+++)))
Your lower body shifts to a powerful aquatic tail in water.


Message History

There is an open door here.
There is a stone staircase leading up here.
There is a stone staircase leading down here.
You climb downwards.
There is a stone staircase leading up here.
A bat comes into view.
Found a short sword.
The helpless bat fails to defend itself.
You hit the bat.
You kill the bat!
Grinder comes into view.
A kobold comes into view.
It is wielding a +2 short sword of electrocution and quivering poisoned darts.
Grinder shouts!
Grinder gestures at you. Pain shoots through your body!
You closely miss Grinder. Grinder hits you.
You writhe in agony.
Unknown command.
Casting: Freeze (safe; 2% risk of failure)
Confirm with . or Enter, or press ? or * to list all spells.
You don't know that spell.
Unknown command.
Casting: Freeze (safe; 2% risk of failure)
Confirm with . or Enter, or press ? or * to list all spells.
Aiming: Freeze (safe; 2% risk of failure)
Press: ? - help, Shift-Dir - straight line, f - Grinder
Aim: Grinder You freeze Grinder.
Grinder resists.
Grinder is lightly wounded.
The kobold shouts!
Grinder closely misses you.
Casting: Freeze (safe; 2% risk of failure)
Confirm with . or Enter, or press ? or * to list all spells.
Aiming: Freeze (safe; 2% risk of failure)
Press: ? - help, Shift-Dir - straight line, f/p - Grinder
Aim: Grinder (lightly wounded)
You freeze Grinder but do no damage.
Grinder completely resists.
Grinder hits you!
* * * LOW HITPOINT WARNING * * *
You writhe in agony.
You die...

#.### # #.#.. . ...# #.#..
.# #..# #.#.###.### ..#
#........K. ..# #.......#
#.# #.......# #.# #.#5#
#.# #.# #.#@# #.# #..
#.#.# #.# #.# #.#.# #.#
#.# #.#####...# #.#
########.# #........## #.#
#........#
#.#####.#####.###.######.#
#...).......# #.#
#..####.##### #.#
#.......# #.#


You could see Grinder.

Vanquished Creatures
  A gnoll (D:2)
  An adder (D:2)
  A worm (D:2)
  3 dart slugs
  A ball python (D:1)
  3 bats
  2 endoplasms (D:1)
  3 giant cockroaches
  4 goblins
  A hobgoblin (D:2)
  5 kobolds
  2 quokkas
  2 frilled lizards
  19 rats (D:2)
48 creatures vanquished.

Notes
Turn   | Place    | Note
-------+----------+-------------------------------------------
     0 | D:1      | safid the Merfolk Ice Elementalist began the quest for the
                  | Orb.
     0 | D:1      | Reached XP level 1. HP: 13/13 MP: 3/3
    98 | D:1      | Reached XP level 2. HP: 15/20 MP: 0/5
   328 | D:1      | Reached skill level 1 in Fighting
   413 | D:1      | Found a faded altar of an unknown god.
  1017 | D:2      | Reached XP level 3. HP: 25/26 MP: 6/6
  1240 | D:2      | Found a sacrificial altar of Ru.
  1439 | D:2      | Reached skill level 5 in Ice Magic
  1442 | D:2      | Reached XP level 4. HP: 24/33 MP: 3/8
  1779 | D:3      | Noticed Grinder
  1789 | D:3      | Slain by Grinder

Illustrated notes

Levels and vault maps discovered:
D:1:      wander_arrival_estate, layout_loops_ring,
          ebering_ecumenical_altar_abandoned
D:2:      layout_basic, basic_altar, minmay_rat_hole
D:3:      layout_loops_ring, roderic_lattice_a, uniq_terence, uniq_grinder,
          uniq_natasha

Skill      XL: |  1  2  3 |
---------------+----------+-----
Fighting       | 1 2 |  2.1
Ice Magic      | 5 |  5.1
Dodging        | |  2.6
Stealth        | |  2.1
Spellcasting   | |  2.8

Action                     |  1- 3 |  4- 6 || total
---------------------------+-------+-------++-------
  Melee: Unarmed           |     3 |       ||     3
         Short sword       |    72 |     4 ||    76
         Punch             |     1 |       ||     1
   Cast: Freeze            |    23 |     9 ||    32
   Stab: Sleeping          |     4 |     1 ||     5
 Armour: Robe              |    21 |     1 ||    22
  Dodge: Dodged            |    56 |     6 ||    62
